 Dungeon Crawl Stone Soup version 0.27.1-4-g1640c2035a (webtiles) character file.

Game seed: 7663082864505182315

35 urm the Skirmisher (level 3, -4/31 HPs)
             Began as a Palentonga Fighter on Nov 14, 2021.
             Killed from afar by an orc wizard (6 damage)
             ... with a magic dart
             ... on level 2 of the Dungeon.
             The game lasted 00:05:00 (1427 turns).

urm the Skirmisher (Palentonga Fighter)             Turns: 1427, Time: 00:05:01

Health: -4/31      AC:  6    Str: 20    XL:     3   Next: 17%
Magic:  3/3        EV:  5    Int:  8    God:
Gold:   26         SH:  0    Dex:  9    Spells: 2/2 levels left

rFire    . . .     SeeInvis +   a - +0 flail
rCold    . . .     Faith    .   c - +0 kite shield
rNeg     . . .     Spirit   .   b - +0 scale mail
rPois    .         Reflect  .   (no helmet)
rElec    .         Harm     .   (no cloak)
rCorr    .         Rampage  .   (no gloves)
Will     .....                  (no barding)
Stlth    ..........             (no amulet)
HPRegen  0.10/turn              (no ring)
MPRegen  0.08/turn              (no ring)

@: confused
A: large, rugged brown scales 3, see invisible, deformed body, roll 1, armoured
tail
a: Rolling Charge


You were on level 2 of the Dungeon.
You visited 1 branch of the dungeon, and saw 2 of its levels.

You collected 26 gold pieces.

Inventory:

Hand Weapons
 a - a +0 flail (weapon)
Armour
 b - a +0 scale mail (worn)
 c - a +0 kite shield (worn)
Scrolls
 e - a scroll of amnesia {unknown}
 f - a scroll of immolation {unknown}
 g - a scroll of enchant armour {unknown}
 h - a scroll of identify {unknown}
Potions
 d - a potion of might
 i - a potion of curing {unknown}


   Skills:
 + Level 3.3 Fighting
 * Level 2.7 Maces & Flails
 - Level 2.7 Armour
 - Level 2.6 Shields


You had 2 spell levels left.
You didn't know any spells.
Your spell library contained the following spells:

 Spells                   Type           Power      Damage    Failure   Level
 Gell's Gravitas          Tloc           0%         N/A       100%        3
 Lesser Beckoning         Tloc           0%         N/A       100%        3
 Teleport Other           Tloc           0%         N/A       100%        3


Dungeon Overview and Level Annotations

Branches:
Dungeon (2/15)

Altars:


Innate Abilities, Weirdness & Mutations

You are completely covered in rugged brown scales. (AC +3, +7% HP)
You have supernaturally acute eyesight. (SInv)
Armour fits poorly on your strangely shaped body.
You can roll at nearby foes to attack.
You have a long armoured tail.


Message History

You barely miss the worm. You tail-slap the worm.
You kill the worm!
The orc wizard casts a spell.
The orc wizard flickers and vanishes for a moment.
Found 24 sling bullets.
An orc comes into view. It is wielding a +0 falchion.
The orc wizard hits you but does no damage.
You barely miss the orc wizard.
The orc wizard hits you but does no damage.
You block the orc's attack.
You closely miss the orc wizard.
An orc priest comes into view. It is wielding a +0 war axe.
You block the orc wizard's attack. The orc hits you with a +0 falchion.
The orc priest mumbles some strange prayers to Beogh against you.
Beogh smites you!
* * * LOW HITPOINT WARNING * * *
The orc wizard hits you but does no damage.
You hit the orc wizard but do no damage.
You block the orc's attack. You block the orc wizard's attack.
The orc hits you but does no damage.
You completely miss the orc wizard. The orc wizard closely misses you.
You block the orc's attack. The orc wizard barely misses you.
You barely miss the orc wizard. The orc hits you with a +0 falchion.
* * * LOW HITPOINT WARNING * * *
You block the orc wizard's attack.
You barely miss the orc wizard.
An orc wizard comes into view. It is wielding a +0 dagger.
You block the orc's attack. You block the orc wizard's attack.
The orc hits you with a +0 falchion.
* * * LOW HITPOINT WARNING * * *
The orc wizard hits you with a +0 dagger.
* * * LOW HITPOINT WARNING * * *
The orc wizard hits you but does no damage.
An orc comes into view. It is wielding a +0 trident.
The orc wizard casts a spell at you.
You are confused.
You bump into the rock wall.
The orc wizard gestures at you while chanting.
The magic dart hits you.
You die...

#.# ##+### ###.#
##...## #...###
##.....# #...#.##
##.......
#...>..####........
#####........+........
#..(......####........
#.###.##..# #.......
#@.##.# ##.....#
##.##.# ##...##
#.####o##.# ##'##
#..(..o...# #.#
######o#### #.# #o#
##.## ... ##...##
.#.## #...... #.#..
##....##


You could see 2 orc wizards and 2 orcs.

Vanquished Creatures
  2 worms (D:2)
  A dart slug (D:1)
  A bat (D:1)
  2 endoplasms (D:2)
  3 goblins (D:1)
  4 hobgoblins
  5 quokkas
  2 ball pythons (D:1)
  2 frilled lizards (D:1)
  2 rats
  A spectral kobold (D:1)
25 creatures vanquished.

Notes
Turn   | Place    | Note
-------+----------+-------------------------------------------
     0 | D:1      | urm the Palentonga Fighter began the quest for the Orb.
     0 | D:1      | Reached XP level 1. HP: 19/19 MP: 1/1
   427 | D:1      | Found a faded altar of an unknown god.
   525 | D:1      | Reached XP level 2. HP: 20/25 MP: 2/2
  1196 | D:2      | Reached XP level 3. HP: 28/31 MP: 3/3
  1423 | D:2      | HP: 1/31 [orc wizard (1)]
  1427 | D:2      | Killed from afar by an orc wizard

Illustrated notes

Levels and vault maps discovered:
D:1:      dpeg_chamrin_arrival_tetris, layout_basic,
          dreamdust_ecumenical_altar_drowned_temple
D:2:      layout_loops_corners, minmay_misc_feat_nine_boxes

Action                   || total
-------------------------++-------
Melee: Flail             ||    83
       Tailslap          ||     8
 Abil: Rolling Charge    ||     1
Armor: Scale mail        ||    48
Dodge: Dodged            ||    15
Block: Kite shield       ||    51
